 Dungeon Sprint DCSS version 0.24-a0-582-g4d4af81 (webtiles) character file.

Game seed: 4843370444012337579

1694 silentkaos13 the Carver (level 8, 0/72 HPs)
             Began as a Demonspawn Fighter on Aug 26, 2019.
             Was a Believer of Makhleb.
             Succumbed to Sonja's poison
             ... in the Dungeon (Sprint I: "Red Sonja").
             The game lasted 00:03:33 (406 turns).

silentkaos13 the Carver (Demonspawn Fighter)         Turns: 406, Time: 00:03:34

Health: 0/72       AC: 10    Str: 19    XL:     8   Next: 72%
Magic:  13/13      EV:  9    Int: 15    God:    Makhleb [**....]
Gold:   405        SH: 11    Dex: 12    Spells: 7/7 levels left

rFire    + . .     SeeInvis .   a - +0 long sword
rCold    . . .     Gourm    .   c - +0 shield
rNeg     . . .     Faith    .   m - +2 ring mail {rF+}
rPois    .         Spirit   .   (no helmet)
rElec    .         Reflect  .   (no cloak)
rCorr    .         Harm     .   (no gloves)
MR       .....     NoTele   +   (no boots)
Stlth    +.........             (no amulet)
HPRegen  0.22/turn              (no ring)
MPRegen  0.13/turn              (no ring)

@: brilliant, lethally poisoned (0 -> -7), hasted and slowed
A: thin metallic scales 1, demonic guardian 1
a: Minor Destruction, Renounce Religion


You were in the Dungeon.
You worshipped Makhleb.
Makhleb was pleased with you.
You were not hungry.

You visited 1 branch You collected 405 gold pieces.

Inventory:

Hand Weapons
 a - a +0 long sword (weapon)
Armour
 b - a +0 scale mail
 c - a +0 shield (worn)
 m - a +2 ring mail of fire resistance (worn)
Scrolls
 k - a scroll of blinking
Potions
 i - 2 potions of magic
 j - a potion of berserk rage
Comestibles
 f - a ration


   Skills:
 * Level 9.7 Fighting
 + Level 10.1 Long Blades
 + Level 8.2 Armour
 - Level 0.7 Dodging
 + Level 2.1 Stealth
 + Level 8.3 Shields
 * Level 7.7 Invocations


You had 7 spell levels left.
You didn't know any spells.
Your spell library was empty.

Dungeon Overview and Level Annotations

Branches:
Dungeon (1/1)

Altars:
Cheibriados
Dithmenos
Elyvilon
Fedhas
Gozag
Hepliaklqana
Kikubaaqudgha
Makhleb
Nemelex Xobeh
Okawaru
Qazlal
Ru
Sif Muna
Trog
Uskayaw
Vehumet
Wu Jian
Xom
Yredelemnul
Zin
The Shining One
Jiyva
Lugonu

Shops:
D %


Innate Abilities, Weirdness & Mutations

You are partially covered in thin metallic scales. (AC +2)
A weak demonic guardian rushes to your aid.


Message History

You swap places.
* * * LOW HITPOINT WARNING * * *
You feel sick.
* * * LOW HITPOINT WARNING * * *
You feel sick.
There is a lethal amount of poison in your body!
* * * LOW HITPOINT WARNING * * *
You feel sick.
There is an open door, spattered with blood here.
* * * LOW HITPOINT WARNING * * *
You feel sick.
* * * LOW HITPOINT WARNING * * *
You feel sick.
Your shadow imp disappears in a puff of smoke!
* * * LOW HITPOINT WARNING * * *
You feel sick.
You feel a little less mighty now.
* * * LOW HITPOINT WARNING * * *
You feel sick.
You die...

##########################
#<.#..').#..'..#__#..')..#
#..').#..').#..'..'..#)..#
#..#####'#####'#__####...+
#..####..#...#(#### #####
#..#__####..##(#
#..#_____##'#_.+
#⌠⌠#_.∩..@'..._#
####_..__##_(#'#
#_____###'#[# #######
#(### +$.$+ #$.$# ##.##
#+#


There were no monsters in sight!

Vanquished Creatures
  Sonja (D)
  2 kobold demonologists (D)
  A floating eye (D)
  A jelly (D)
  Ijyb (D)
6 creatures vanquished.

Vanquished Creatures (collateral kills)
  A slime creature (D)
  Sigmund (D)
  A yak (D)
  An ogre (D)
4 creatures vanquished.

Grand Total: 10 creatures vanquished

Notes
Turn   | Place    | Note
-------+----------+-------------------------------------------
     0 | D        | silentkaos13 the Demonspawn Fighter began the quest for the
                  | Orb.
     0 | D        | Reached XP level 1. HP: 18/18 MP: 1/1
     1 | D        | Noticed Ijyb
    21 | D        | Killed Ijyb
    21 | D        | Reached skill level 2 in Long Blades
    21 | D        | Gained mutation: A weak demonic guardian rushes to your
                  | aid. [demonic ancestry]
    21 | D        | Reached XP level 2. HP: 21/25 MP: 2/2
    61 | D        | Noticed an ogre
    69 | D        | Killed an ogre
    69 | D        | Reached skill level 5 in Fighting
    69 | D        | Reached skill level 4 in Long Blades
    69 | D        | Gained mutation: You are partially covered in thin metallic
                  | scales. (AC +2) [demonic ancestry]
    69 | D        | Reached XP level 3. HP: 32/33 MP: 3/3
    69 | D        | Reached XP level 4. HP: 38/39 MP: 4/4
    80 | D        | Noticed Sigmund
    92 | D        | Killed Sigmund
    92 | D        | Reached skill level 5 in Long Blades
    92 | D        | Reached skill level 5 in Armour
    92 | D        | Reached XP level 5. HP: 42/47 MP: 5/5
   106 | D        | Found a burning altar of Makhleb.
   106 | D        | Found a viscous altar of Jiyva.
   106 | D        | Found a shimmering altar of Xom.
   106 | D        | Found a corrupted altar of Lugonu.
   106 | D        | Noticed a slime creature
   123 | D        | Killed a slime creature
   123 | D        | Reached skill level 6 in Long Blades
   123 | D        | Reached XP level 6. HP: 26/55 MP: 6/6
   126 | D        | Became a worshipper of Makhleb the Destroyer
   287 | D        | Found an ornate altar of the Wu Jian Council.
   287 | D        | Found a shimmering blue altar of Sif Muna.
   289 | D        | Found a radiant altar of Vehumet.
   292 | D        | Reached skill level 1 in Invocations
   310 | D        | Found Riehuani's Food Emporium.
   310 | D        | Found an ancient bone altar of Kikubaaqudgha.
   310 | D        | Found a hazy altar of Hepliaklqana.
   310 | D        | Found a stormy altar of Qazlal.
   310 | D        | Found a hide-covered altar of Uskayaw.
   310 | D        | Found a blossoming altar of Fedhas.
   310 | D        | Found a bloodstained altar of Trog.
   310 | D        | Found an iron altar of Okawaru.
   310 | D        | Found a basalt altar of Yredelemnul.
   310 | D        | Found a glowing golden altar of the Shining One.
   310 | D        | Found a snail-covered altar of Cheibriados.
   310 | D        | Found a sacrificial altar of Ru.
   310 | D        | Found a glowing silver altar of Zin.
   310 | D        | Found a shadowy altar of Dithmenos.
   310 | D        | Found a white marble altar of Elyvilon.
   310 | D        | Noticed a yak
   318 | D        | Killed a yak
   318 | D        | Reached skill level 7 in Long Blades
   319 | D        | Found an opulent altar of Gozag.
   320 | D        | Found a sparkling altar of Nemelex Xobeh.
   347 | D        | Noticed a kobold demonologist
   347 | D        | Noticed a floating eye
   348 | D        | Noticed a kobold demonologist
   349 | D        | Killed a floating eye
   349 | D        | Reached * piety under Makhleb
   349 | D        | Reached XP level 7. HP: 59/62 MP: 9/9
   355 | D        | Killed a kobold demonologist
   355 | D        | Reached skill level 8 in Long Blades
   355 | D        | Reached skill level 1 in Stealth
   355 | D        | Reached skill level 5 in Invocations
   360 | D        | Killed a kobold demonologist
   360 | D        | Reached skill level 9 in Long Blades
   360 | D        | Reached XP level 8. HP: 71/71 MP: 9/12
   380 | D        | Noticed Sonja
   391 | D        | HP: 1/71 [poisoned by Sonja (curare-tipped dart)]
   396 | D        | Killed Sonja
   396 | D        | Reached ** piety under Makhleb
   396 | D        | Reached skill level 10 in Long Blades
   402 | D        | HP: 3/72 [poisoned by Sonja]
   405 | D        | HP: 1/72 [poisoned by Sonja]
   406 | D        | Succumbed to Sonja's poison

Levels and vault maps discovered:
D:        dungeon_sprint_1 [red_sonja_temple_1, red_sonja_temple_small_1]

Skill      XL: |  1  2  3  4  5  6  7  8 |
---------------+-------------------------+-----
Fighting       | 4 5 6 7 8 9 |  9.7
Long Blades    | 2 4 5 6 7 9 10 | 10.1
Armour         | 3 4 5 6 7 8 |  8.2
Shields        | 3 4 6 7 8 |  8.3
Invocations    | 3 6 7 |  7.7
Stealth        | 1 2 |  2.1
Dodging        | |  0.7

Action                   |  1- 3 |  4- 6 |  7- 9 || total
-------------------------+-------+-------+-------++-------
Melee: Long sword        |    26 |    30 |    18 ||    74
  Use: Potion            |       |     2 |     3 ||     5
 Stab: Distracted        |       |     1 |       ||     1
Armor: Scale mail        |    12 |       |       ||    12
       Ring mail         |     1 |    10 |    21 ||    32
Dodge: Dodged            |     5 |     9 |     5 ||    19
Block: Shield            |    10 |     2 |    22 ||    34
       Rpst.: Long sword |     1 |     4 |     2 ||     7

Table legend:
 A = Non-vault XP
 B = Vault XP
 C = Vault XP percentage of total XP
 D = Non-vault monster count
 E = Vault monster count
 F = Vault count percentage of total count
                 A         B        C        D         E       F
            +---------+---------+-------+---------+---------+-------
      Total |       0 |    2421 | 100.0 |       0 |      10 | 100.0
            +---------+---------+-------+---------+---------+-------
          D |       0 |    2421 | 100.0 |       0 |      10 | 100.0
            +---------+---------+-------+---------+---------+-------
